 Dungeon Crawl Stone Soup version 0.31-a0-202-g547052bce9 (webtiles) character file.

Game seed: 10255899318438115382

112 qw the Skirmisher (level 4, 0/25 HPs)
             Began as a Deep Elf Hunter on June 26, 2023.
             Slain by an orc priest
             ... wielding a +0 club
              (5 damage)
             ... on level 3 of the Dungeon.
             The game lasted 00:00:34 (1761 turns).

qw the Skirmisher (Deep Elf Hunter)                 Turns: 1761, Time: 00:00:34

Health: 0/25       AC:  3    Str: 10    XL:     4   Next: 64%
Magic:  6/6        EV: 12    Int: 14    God:
Gold:   115        SH:  0    Dex: 18    Spells: 3/3 levels left

rFire   . . .        Y - +1 shortbow
rCold   . . .        (shield currently unavailable)
rNeg    . . .        c - +0 leather armour
rPois   +            (no helmet)
rElec   .            (no cloak)
rCorr   .            (no gloves)
SInv    +            (no boots)
Will    .....        (no amulet)
Stlth   ++           i - ring of see invisible
HPRegen 0.24/turn    b - ring of poison resistance
MPRegen 0.10/turn

%: no passive effects
@: no status effects
A: no striking features
a: no special abilities


You were on level 3 of the Dungeon.
You visited 1 branch of the dungeon, and saw 3 of its levels.

You collected 154 gold pieces.
You spent 39 gold pieces at shops.


   Skills:
 - Level 1.5 Fighting
 + Level 8.1 Ranged Weapons
 - Level 2.4 Dodging
 - Level 1.2 Stealth


You had 3 spell levels left.
You didn't know any spells.
Your spell library was empty.

Inventory:

Hand Weapons
 Y - a +1 shortbow (weapon)
Armour
 c - a +0 leather armour (worn)
Jewellery
 b - a ring of poison resistance (right hand)
 i - a ring of see invisible (left hand)
Scrolls
 f - a scroll of teleportation
 h - a scroll of identify
Potions
 d - a potion of enlightenment {unknown}
 e - a potion of heal wounds {unknown}
 g - a potion of curing

Dungeon Overview and Level Annotations

Branches:
Dungeon (3/15)

Altars:

Shops:
D:1 !


Message History

An orc priest comes into view. It is wielding a +0 club.
You shoot an arrow. The arrow barely misses the orc priest.
The orc priest looks encouraged for a moment.
The orc priest barely misses you.
You shoot an arrow. The arrow hits the orc priest.
The orc priest is moderately wounded.
The orc priest barely misses you.
You shoot an arrow. The arrow barely misses the orc priest.
The arrow barely misses the rat.
The orc priest hits you with a +0 dagger.
You shoot an arrow. The arrow hits the orc priest!
The orc priest is almost dead.
The rat barely misses you.
The orc priest hits you with a +0 dagger.
You shoot an arrow. The arrow hits the orc priest.
You kill the orc priest!
The rat closely misses you.
Your Ranged Weapons skill increases to level 8!
You shoot an arrow. The arrow barely misses the orc.
The rat misses you. The orc misses you.
The orc priest begins to cast a cantrip, but forgets the words!
You shoot an arrow. The arrow closely misses the orc.
The rat misses you. The orc hits you with a +0 club.
You shoot an arrow. The arrow closely misses the orc.
The rat bites you but does no damage. The orc closely misses you.
You shoot an arrow. The arrow hits the orc.
The orc is heavily wounded.
The rat bites you but does no damage.
The orc priest invokes the aid of Beogh against you.
Beogh smites you!
You shoot an arrow. The arrow hits the orc.
You kill the orc!
The rat barely misses you.
You shoot an arrow. The arrow hits the orc priest!
The orc priest is heavily wounded.
The rat closely misses you. The orc priest hits you with a +0 club.
You shoot an arrow.
The arrow closely misses the orc priest.
The rat bites you. The orc priest hits you with a +0 club.
You die...

#...##.........#
#...##.#########
#... #.#.....#
#..###.#.....#
#......#.....#
#.%#####?....#
#######...#
....#.#
........###
####...
......)@# ..
......ro#
#######[) #..)
#.).. #.....
#...... #.......


You could see an orc priest and a rat.

Vanquished Creatures
  An orc priest (D:3)
  3 adders
  A worm (D:2)
  4 orcs (D:3)
  3 bats
  6 endoplasms
  A giant cockroach (D:1)
  6 goblins
  4 hobgoblins
  4 kobolds
  3 quokkas
  4 ball pythons
  A frilled lizard (D:2)
  5 rats
46 creatures vanquished.

Notes
Turn   | Place    | Note
-------+----------+-------------------------------------------
     0 | D:1      | qw the Deep Elf Hunter began the quest for the Orb.
     0 | D:1      | Reached XP level 1. HP: 12/12 MP: 3/3
     0 | D:1      | 0 ||| qw: Version: 0.3-a-22-g0ed2b0b
     0 | D:1      | 0 ||| qw: Game counter: 6277
     0 | D:1      | 0 ||| qw: Melee chars always use a shield: true
     0 | D:1      | 0 ||| qw: God list: Okawaru
     0 | D:1      | 0 ||| qw: Allow faded altars: false
     0 | D:1      | 0 ||| qw: Do Orc after clearing Dungeon:15 true
     0 | D:1      | 0 ||| qw: Do second Lair branch before Depths: true
     0 | D:1      | 0 ||| qw: Lair rune preference: random
     0 | D:1      | 0 ||| qw: Goals: Normal
     0 | D:1      | 0 ||| PLANNING D:1-11
    58 | D:1      | Found Fatusiur's Distillery.
    74 | D:1      | 74 ||| BUYING potion of curing (39 gold).
    74 | D:1      | Bought a potion of curing for 39 gold pieces
    74 | D:1      | 74 ||| SHOPLISTING potion of curing (39 gold, have 1).
    74 | D:1      | 74 ||| SHOPLISTING potion of haste (130 gold, have 1).
    74 | D:1      | 74 ||| SHOPLISTING potion of might (52 gold, have 1).
    82 | D:1      | Found a faded altar of an unknown god.
   139 | D:1      | Reached XP level 2. HP: 16/16 MP: 4/4
   151 | D:1      | Reached skill level 6 in Ranged Weapons
   473 | D:1      | 473 ||| FLEEEEING.
   474 | D:1      | 474 ||| FLEEEEING.
   475 | D:1      | 475 ||| FLEEEEING.
   479 | D:1      | 479 ||| FLEEEEING.
   785 | D:1      | 785 ||| UPGRADING to ring of see invisible.
   786 | D:1      | 786 ||| READING scroll labelled COPRAHA CUAMUTZ.
   787 | D:1      | 787 ||| READING 2 scrolls labelled HATHRE ZUDAURCHOE.
   788 | D:1      | 788 ||| DROPPING scroll of butterflies.
   846 | D:2      | Reached XP level 3. HP: 20/20 MP: 5/5
  1094 | D:2      | Reached skill level 7 in Ranged Weapons
  1585 | D:2      | 1585 ||| UPGRADING to ring of poison resistance.
  1586 | D:2      | 1586 ||| READING scroll labelled DOVOSKI ALIA.
  1587 | D:2      | 1587 ||| READING 2 scrolls labelled MUINOIDIGO.
  1698 | D:3      | Reached XP level 4. HP: 25/25 MP: 6/6
  1755 | D:3      | Reached skill level 8 in Ranged Weapons
  1761 | D:3      | HP: 5/25 [rat (2)]
  1761 | D:3      | Slain by an orc priest

Levels and vault maps discovered:
D:1:      giann_forest_graveyard, layout_basic,
          dreamdust_ecumenical_altar_grove, serial_shops, shop
D:2:      layout_basic
D:3:      layout_basic, serial_co_window_serial, co_window_paths_a,
          co_window_corner_a, co_window_corner_a, co_window_corner_a,
          co_window_corner_a, co_window_broadway_c, co_window_2corner,
          co_window_corner_b, co_window_corner_b, co_window_paths_e,
          co_window_4corner_b, st_stairs_7

Skill      XL: |  1  2  3  4 |
---------------+-------------+-----
Ranged Weapons | 6 7 8 |  8.1
Fighting       | |  1.5
Dodging        | |  2.4
Stealth        | |  1.2

Action                     |  1- 3 |  4- 6 || total
---------------------------+-------+-------++-------
   Fire: Shortbow          |   100 |    21 ||   121
    Use: Scroll            |     4 |       ||     4
 Armour: Leather armour    |     9 |     2 ||    11
  Dodge: Dodged            |     5 |    10 ||    15

Table legend:
 A = Non-vault XP
 B = Vault XP
 C = Vault XP percentage of total XP
 D = Non-vault monster count
 E = Vault monster count
 F = Vault count percentage of total count
                 A         B        C        D         E       F
            +---------+---------+-------+---------+---------+-------
      Total |     161 |       0 |   0.0 |      46 |       0 |   0.0
            +---------+---------+-------+---------+---------+-------
        D:1 |      35 |       0 |   0.0 |      20 |       0 |   0.0
        D:2 |      51 |       0 |   0.0 |      15 |       0 |   0.0
        D:3 |      75 |       0 |   0.0 |      11 |       0 |   0.0
            +---------+---------+-------+---------+---------+-------
